 Dungeon Crawl Stone Soup version 0.30.0-19-gbf45117a57 (webtiles) character file.

Game seed: 2933710819834566403

1447 qw the Cleaver (level 8, -6/52 HPs)
             Began as a Gargoyle Fighter on May 25, 2023.
             Mangled by a wight
             ... wielding a +1 halberd
              (9 damage)
             ... on level 6 of the Dungeon.
             The game lasted 00:02:11 (4439 turns).

qw the Cleaver (Gargoyle Fighter)                   Turns: 4439, Time: 00:02:12

Health: -6/52      AC: 13    Str: 22    XL:     8   Next: 75%
Magic:  8/8        EV: 10    Int:  9    God:
Gold:   196        SH:  4    Dex:  9    Spells: 7/7 levels left

rFire   . . .        Y - +3 war axe
rCold   . . .        c - +0 buckler
rNeg    + . .        b - +0 scale mail
rPois   inf          g - +0 helmet
rElec   +            (no cloak)
rCorr   .            (no gloves)
SInv    .            (no boots)
Will    .....        (no amulet) Stlth
                     (no ring)
HPRegen 0.28/turn    (no ring)
MPRegen 0.11/turn

%: no passive effects
@: no status effects
A: sickness immunity, AC +5, negative energy resistance 1, electricity
resistance, torment resistance 1, petrification resistance
a: no special abilities


You were on level 6 of the Dungeon.
You visited 1 branch of the dungeon, and saw 6 of its levels.

You collected 196 gold pieces.


Innate Abilities, Weirdness & Mutations

You are immune to sickness and miasma.
Your stone body is resilient. (AC +5)
You are immune to poison.
You resist negative energy. (rN+)
You are resistant to electric shocks. (rElec)
You are resistant to unholy torment.
You are immune to petrification.


   Skills:
 - Level 6.3 Fighting
 + Level 8.3 Axes
 - Level 1.0 Throwing
 - Level 3.2 Armour
 - Level 1.6 Dodging
 - Level 3.2 Shields


You had 7 spell levels left.
You didn't know any spells.
Your spell library was empty.

Inventory:

Hand Weapons
 j - a +0 flail
 Y - a +3 war axe (weapon)
Armour
 b - a +0 scale mail (worn)
 c - a +0 buckler (worn)
 g - a +0 helmet (worn)
 k - a +2 robe of fire resistance
 p - the +8 ring mail of Catatonia {-Tele Rampage +Inv Str+6}
   (You took it off a goblin on level 3 of the Dungeon)

   Str:       It affects your strength (+6).
   +Inv:      It lets you turn invisible.
   -Tele:     It prevents most forms of teleportation.
   Rampage:   It bestows one free step when moving towards enemies.
Scrolls
 a - a scroll of identify
 i - a scroll of torment {unknown}
 m - a scroll of poison {unknown}
Potions
 d - a potion of might
 e - 2 potions of cancellation
 f - a potion of curing
 h - a potion of flight {unknown}
 l - a potion of mutation
 o - a potion of degeneration {unknown}

Dungeon Overview and Level Annotations

Branches:
Dungeon (6/15)
 Temple: D:4-7

Altars:
Makhleb
Ru
Uskayaw
Vehumet
Wu Jian
Zin


Message History

The wight barely misses you.
You barely miss the wight. You closely miss the howler monkey.
You block the howler monkey's attack. The wight hits you with a +0 scimitar.
You hit the wight but do no damage. You closely miss the howler monkey.
The howler monkey hoots and howls with incredible vigour!
The wight hits you with a +0 scimitar.
You slash the wight!
The wight is severely damaged.
You closely miss the wight. You slash the howler monkey!
You block the howler monkey's attack.
The wight hits you but does no damage. x2
The howler monkey hits you but does no damage.
You slash the howler monkey!
You kill the howler monkey!
You hit the wight. You hit the wight but do no damage.
The wight hits you but does no damage. The wight barely misses you.
The wight closely misses you.
You barely miss the wight.
The wight is severely damaged.
You hit the wight. You closely miss the wight.
The wight hits you but does no damage.
The wight hits you from afar with a +1 halberd.
The wight hits you with a +0 scimitar! The wight hits you with a +0 falchion.
You barely miss the wight.
The wight is severely damaged.
You hit the wight. You barely miss the wight.
The wight hits you with a +4 long sword.
The wight hits you from afar with a +1 halberd!
The wight barely misses you. x2
You slash the wight!
You destroy the wight!
You barely miss the wight. You hit the wight.
The wight barely misses you. x2; The wight completely misses you.
You hit the wight.
The wight is almost destroyed.
You slash the wight!
The wight hits you with a +4 long sword!
The wight closely misses you. The wight misses you.
The wight hits you but does no damage.
The wight hits you from afar with a +1 halberd!
You die...

##....#......##
.##.......#...#
..#......##...#
...).##......##
..####........###########
....###..........#.......
....#....................
..............##z......#
...............#@)..).##
......).......###z...##
#......#......# #z.....#
###..###.##... ..#....#
.. ##.##.......#
.#.....## .........#
z#......## z. z.....#


You could see 3 wights.

Vanquished Creatures
  Duvessa (D:5)
  A water moccasin (D:6)
  A sky beast (D:6)
  2 black bears (D:5)
  A centaur (D:3)
  A phantom (D:4)
  A scorpion (D:5)
  A wight (D:6)
  Dowan (D:5)
  3 howler monkeys (D:6)
  5 hounds
  2 orc priests
  2 jellies
  2 iguanas
  A statue (D:5)
  Robin (D:3)
  7 adders
  A white imp (D:6)
  An ufetubus (D:5)
  A dart slug (D:4)
  8 orcs
  4 ball pythons
  6 endoplasms
  2 giant cockroaches
  10 hobgoblins
  9 jackals
  8 kobolds
  5 quokkas
  12 bats
  3 frilled lizards
  15 goblins
  4 rats (D:3)
122 creatures vanquished.

Notes
Turn   | Place    | Note
-------+----------+-------------------------------------------
     0 | D:1      | qw the Gargoyle Fighter began the quest for the Orb.
     0 | D:1      | Reached XP level 1. HP: 14/14 MP: 1/1
     0 | D:1      | 0 ||| qw: Version: 0.2-a-98-g5d7165a
     0 | D:1      | 0 ||| qw: Game counter: 98
     0 | D:1      | 0 ||| qw: Always use a shield: true
     0 | D:1      | 0 ||| qw: God list: Okawaru
     0 | D:1      | 0 ||| qw: Allow faded altars: false
     0 | D:1      | 0 ||| qw: Do Orc after D:15 true
     0 | D:1      | 0 ||| qw: Do second Lair branch before Depths: true
     0 | D:1      | 0 ||| qw: Lair rune preference: random
     0 | D:1      | 0 ||| qw: Plans: Normal, Zot:1-4, God:TSO, Crypt, Tomb,
                  | Pan, Slime:5, Hells, Abyss, Win
     0 | D:1      | 0 ||| PLANNING D:1-11
    23 | D:1      | Reached skill level 2 in Axes
    41 | D:1      | Reached XP level 2. HP: 16/19 MP: 2/2
   103 | D:1      | 103 ||| Stepping ~*~*~tactically~*~*~ (stealth).
   198 | D:1      | 198 ||| Stepping ~*~*~tactically~*~*~ (stealth).
   225 | D:1      | Reached skill level 3 in Axes
   313 | D:1      | Reached XP level 3. HP: 23/23 MP: 3/3
   626 | D:1      | 626 ||| READING 2 scrolls labelled GOG LIUCVI.
   674 | D:2      | 674 ||| STAIRDANCE
   706 | D:2      | 706 ||| DROPPING +0 club.
   768 | D:2      | 768 ||| Stepping ~*~*~tactically~*~*~ (stealth).
   842 | D:2      | Found a faded altar of an unknown god.
   915 | D:2      | You fall into a shaft and drop 1 floor!
   916 | D:3      | 916 ||| READING scroll labelled DOOQOY JOMIA.
   917 | D:3      | 917 ||| DRINKING 2 glowing clear potions.
   933 | D:3      | Reached XP level 4. HP: 28/28 MP: 4/4
   937 | D:2      | 937 ||| Stepping ~*~*~tactically~*~*~ (stealth).
   939 | D:2      | 939 ||| Stepping ~*~*~tactically~*~*~ (stealth).
   994 | D:2      | Reached skill level 4 in Axes
  1043 | D:2      | 1043 ||| Stepping ~*~*~tactically~*~*~ (stealth).
  1301 | D:2      | Found a glowing silver altar of Zin.
  1454 | D:2      | 1454 ||| READING scroll labelled LAUV KIXZAPLA.
  1455 | D:2      | 1455 ||| READING 3 scrolls labelled ZUITAE YVIRPHA.
  1456 | D:2      | 1456 ||| READING 2 scrolls of enchant weapon.
  1456 | D:2      | 1456 ||| ENCHANTING +1 war axe.
  1457 | D:2      | 1457 ||| READING scroll of enchant weapon.
  1457 | D:2      | 1457 ||| ENCHANTING +2 war axe.
  1470 | D:3      | Noticed Robin
  1475 | D:3      | Killed Robin
  1557 | D:3      | 1557 ||| Stepping ~*~*~tactically~*~*~ (stealth).
  1565 | D:3      | 1565 ||| Stepping ~*~*~tactically~*~*~ (stealth).
  1566 | D:3      | 1566 ||| Stepping ~*~*~tactically~*~*~ (stealth).
  1664 | D:3      | 1664 ||| Stepping ~*~*~tactically~*~*~ (hiding).
  1668 | D:3      | Reached XP level 5. HP: 32/32 MP: 5/5
  1689 | D:3      | 1689 ||| Stepping ~*~*~tactically~*~*~ (hiding).
  1798 | D:3      | 1798 ||| Stepping ~*~*~tactically~*~*~ (hiding).
  1850 | D:3      | 1850 ||| DROPPING +0 mace.
  1851 | D:3      | Noticed a centaur
  1863 | D:3      | HP: 8/32 [centaur (2)]
  1863 | D:3      | HP: 1/32 [centaur (4)]
  1864 | D:3      | Killed a centaur
  1865 | D:3      | Reached skill level 5 in Axes
  1865 | D:3      | Reached XP level 6. HP: 1/37 MP: 6/6
  2038 | D:3      | 2038 ||| Stepping ~*~*~tactically~*~*~ (stealth).
  2039 | D:3      | 2039 ||| Stepping ~*~*~tactically~*~*~ (stealth).
  2171 | D:3      | 2171 ||| Stepping ~*~*~tactically~*~*~ (stealth).
  2186 | D:3      | 2186 ||| Stepping ~*~*~tactically~*~*~ (stealth).
  2396 | D:3      | Identified the +8 ring mail of Catatonia {-Tele Rampage
                  | +Inv Str+6}
  2531 | D:3      | 2531 ||| UPGRADING to +0 helmet.
  2536 | D:3      | 2536 ||| READING scroll labelled USASAE QEDOFRO.
  2558 | D:4      | 2558 ||| Stepping ~*~*~tactically~*~*~ (hiding).
  2559 | D:4      | 2559 ||| Stepping ~*~*~tactically~*~*~ (hiding).
  2561 | D:4      | 2561 ||| Stepping ~*~*~tactically~*~*~ (hiding).
  2562 | D:4      | 2562 ||| Stepping ~*~*~tactically~*~*~ (hiding).
  2574 | D:4      | 2574 ||| Stepping ~*~*~tactically~*~*~ (stealth).
  2576 | D:4      | 2576 ||| Stepping ~*~*~tactically~*~*~ (hiding).
  2577 | D:4      | 2577 ||| Stepping ~*~*~tactically~*~*~ (hiding).
  2687 | D:4      | Found a sacrificial altar of Ru.
  2765 | D:4      | Reached skill level 1 in Dodging
  2945 | D:4      | Reached XP level 7. HP: 31/43 MP: 7/7
  3124 | D:4      | Reached skill level 6 in Axes
  3182 | D:4      | 3182 ||| READING 3 scrolls of identify.
  3182 | D:4      | 3182 ||| IDENTIFYING pink potion
  3183 | D:4      | 3183 ||| READING 2 scrolls of identify.
  3183 | D:4      | 3183 ||| IDENTIFYING blue potion
  3184 | D:4      | 3184 ||| DROPPING potion of ambrosia.
  3188 | D:5      | Entered Level 5 of the Dungeon
  3195 | D:5      | Found an ornate altar of the Wu Jian Council.
  3223 | D:5      | Noticed Dowan
  3223 | D:5      | Noticed Duvessa
  3224 | D:5      | 3224 ||| Stepping ~*~*~tactically~*~*~ (hiding).
  3234 | D:5      | Killed Duvessa
  3236 | D:5      | Killed Dowan
  3416 | D:5      | Found a hide-covered altar of Uskayaw.
  3423 | D:5      | Reached skill level 7 in Axes
  3483 | D:5      | Found a radiant altar of Vehumet.
  3495 | D:5      | Reached XP level 8. HP: 48/48 MP: 8/8
  3760 | D:5      | Reached skill level 1 in Throwing
  3781 | D:5      | Found a burning altar of Makhleb.
  4099 | D:5      | 4099 ||| DROPPING orb of light.
  4100 | D:5      | 4100 ||| READING scroll labelled VYTRIDDIBIWNE.
  4101 | D:5      | 4101 ||| READING scroll labelled QEGOOLUWKO.
  4202 | D:5      | 4202 ||| READING scroll labelled HOPSIN BOORPH.
  4206 | D:5      | 4206 ||| READING 4 scrolls of identify.
  4206 | D:5      | 4206 ||| IDENTIFYING fizzy black potion
  4207 | D:5      | 4207 ||| READING 3 scrolls of identify.
  4207 | D:5      | 4207 ||| IDENTIFYING coppery potion
  4208 | D:5      | 4208 ||| READING 2 scrolls of identify.
  4208 | D:5      | 4208 ||| IDENTIFYING red potion
  4209 | D:5      | 4209 ||| DROPPING potion of berserk rage.
  4210 | D:5      | 4210 ||| DROPPING potion of brilliance.
  4312 | D:6      | Reached skill level 8 in Axes
  4339 | D:6      | 4339 ||| Stepping ~*~*~tactically~*~*~ (stealth).
  4341 | D:6      | 4341 ||| Stepping ~*~*~tactically~*~*~ (stealth).
  4362 | D:6      | 4362 ||| DROPPING +0 antimagic whip.
  4417 | D:6      | Reached skill level 6 in Fighting
  4424 | D:6      | 4424 ||| Stepping ~*~*~tactically~*~*~ (stealth).
  4437 | D:6      | HP: 10/52 [wight/+1 halberd (7)]
  4439 | D:6      | HP: 3/52 [wight/+4 long sword (8)]
  4439 | D:6      | Mangled by a wight

Levels and vault maps discovered:
D:1:      dpeg_arrival_tiny_h, layout_rooms, chequers_hall_statues_y,
          st_stairs_4
D:2:      layout_loops_ring, hellmonk_ecumenical_altar_leap_of_faith,
          basic_altar, kennysheep_crisscross
D:3:      layout_loops_ring, chequers_serial_rivers_small_a,
          wad_rectangle_vault, uniq_robin
D:4:      layout_cave_pools, kennysheep_mini, serial_bayou_lagoon_a
D:5:      layout_basic, vehumet_statue, mainiacjoe_overflow_catch_the_wave,
          mainiacjoe_overflow_cross_hatched, uniq_duvessa
D:6:      layout_cave_pools, kennysheep_vampire_church, minmay_misc_feat_x,
          ebering_dispersal_statue_hall

Skill      XL: |  1  2  3  4  5  6  7  8 |
---------------+-------------------------+-----
Axes           | 2 3 4 5 7 8 |  8.3
Fighting       | 4 6 |  6.3
Dodging        | 1 |  1.6
Throwing       | 1 |  1.0
Armour         | |  3.2
Shields        | |  3.2

Action                     |  1- 3 |  4- 6 |  7- 9 || total
---------------------------+-------+-------+-------++-------
  Melee: War axe           |   121 |   125 |   108 ||   354
  Throw: Boomerang         |       |    28 |    24 ||    52
    Use: Scroll            |     2 |     5 |     8 ||    15
         Potion            |     1 |       |       ||     1
   Stab: Distracted        |       |     1 |       ||     1
 Armour: Scale mail        |    63 |    75 |    55 ||   193
  Dodge: Dodged            |    59 |    63 |    67 ||   189
  Block: Buckler           |    26 |    21 |    21 ||    68

Table legend:
 A = Non-vault XP
 B = Vault XP
 C = Vault XP percentage of total XP
 D = Non-vault monster count
 E = Vault monster count
 F = Vault count percentage of total count
                 A         B        C        D         E       F
            +---------+---------+-------+---------+---------+-------
      Total |    1769 |     299 |  14.5 |     101 |      21 |  17.2
            +---------+---------+-------+---------+---------+-------
        D:1 |      49 |       5 |   9.3 |      22 |       3 |  12.0
        D:2 |      46 |       0 |   0.0 |      19 |       0 |   0.0
        D:3 |     239 |      39 |  14.0 |      25 |      15 |  37.5
        D:4 |     246 |       0 |   0.0 |      11 |       0 |   0.0
        D:5 |     525 |     255 |  32.7 |      10 |       3 |  23.1
        D:6 |     664 |       0 |   0.0 |      14 |       0 |   0.0
            +---------+---------+-------+---------+---------+-------
